 Dungeon Crawl Stone Soup version 0.30-a0-297-g0ec75d9ef4 (webtiles) character file.

Game seed: 13599511296698168806

6 IdlyInterested the Cutter (level 1, 0/17 HPs)
             Began as a Demonspawn Wanderer on Oct 18, 2022.
             Frozen to death by an endoplasm (5 damage)
             ... on level 1 of the Dungeon.
             The game lasted 00:01:08 (204 turns).

IdlyInterested the Cutter (Demonspawn Wanderer)      Turns: 204, Time: 00:01:08

Health: 0/17       AC:  2    Str:  9    XL:     1   Next: 75%
Magic:  2/2        EV: 11    Int: 14    God:
Gold:   0          SH:  0    Dex: 14    Spells: 2/2 levels left

rFire   . . .      SeeInvis .    a - +3 short sword
rCold   . . .      Faith    .    (no shield)
rNeg    . . .      Spirit   .    c - +0 robe
rPois   .          Reflect  .    (no helmet)
rElec   .          Harm     .    (no cloak)
rCorr   .          Rampage  .    (no gloves)
Will    .....                    (no boots)
Stlth   +.........               (no amulet)
HPRegen 0.22/turn                (no ring)
MPRegen 0.08/turn                (no ring)

@: no status effects
A: no striking features
a: no special abilities


You were on level 1 of the Dungeon.
You visited 1 branch of the dungeon, and saw 1 of its levels.

Inventory:

Hand Weapons
 a - a +3 short sword (weapon)
Armour
 c - a +0 robe (worn)
Scrolls
 b - a scroll of fog
 d - a scroll of poison {unknown}
 e - a scroll of immolation {unknown}
Potions
 f - a potion of attraction {unknown}


   Skills:
 * Level 2.4 Fighting
 - Level 2.6 Short Blades
 + Level 0.5 Stealth
 - Level 1.0 Spellcasting
 - Level 1.7 Transmutations
 - Level 2.0 Evocations


You had 2 spell levels left.
You didn't know any spells.
Your spell library contained the following spells:

 Spells                   Type           Power      Damage    Failure   Level
 Wereblood                Tmut           5%         N/A       19%         2
 Passwall                 Tmut/Erth      2%         N/A       28%         2


Dungeon Overview and Level Annotations

Branches:
Dungeon (1/15)

Altars:


Message History

There is an open door here.
A hobgoblin comes into view.
The hobgoblin shouts!
A bat comes into view.
An endoplasm comes into view.
The hobgoblin closely misses you.
The bat moves out of view.
The endoplasm quivers.
You hit the hobgoblin.
The hobgoblin is moderately wounded.
The hobgoblin hits you.
You closely miss the hobgoblin.
The hobgoblin is lightly wounded.
The hobgoblin hits you.
You closely miss the hobgoblin.
The hobgoblin is lightly wounded.
The hobgoblin hits you.
You hit the hobgoblin.
The hobgoblin is heavily wounded.
You hit the hobgoblin but do no damage.
The hobgoblin is heavily wounded.
The hobgoblin hits you.
You hit the hobgoblin.
The hobgoblin is almost dead.
The hobgoblin hits you.
* * * LOW HITPOINT WARNING * * *
You hit the hobgoblin.
You kill the hobgoblin!
The bat barely misses you.
You hit the endoplasm.
The endoplasm is moderately wounded.
The bat closely misses you. The endoplasm barely misses you.
You hit the endoplasm.
The endoplasm is almost dead.
The bat misses you. The bat hits you but does no damage.
The endoplasm misses you.
You hit the endoplasm but do no damage.
The endoplasm is almost dead.
The bat hits you but does no damage. The endoplasm freezes you.
You are frozen.
You die...

.........# .......... ..
...##...... ..
#..##......#####..
##†.#............ .
....#....##.....# ...
...##....##.....####....
..###.#####.............
.###...#........@†......
###..............J......
..............#........#
..............#.b......#
#####.........#....#####
#.........#....#
####......######
#.......#
#######.......#


You could see an endoplasm and a bat.

Vanquished Creatures
  A hobgoblin (D:1)
  A jackal (D:1)
  2 quokkas (D:1)
  A frilled lizard (D:1)
5 creatures vanquished.

Notes
Turn   | Place    | Note
-------+----------+-------------------------------------------
     0 | D:1      | IdlyInterested the Demonspawn Wanderer began the quest for
                  | the Orb.
     0 | D:1      | IdlyInterested set off with the following items: a +3 short
                  | sword, a scroll of fog, a +0 robe; and the following spells
                  | available to memorise: Wereblood, Passwall.
     0 | D:1      | Reached XP level 1. HP: 16/16 MP: 2/2
   204 | D:1      | Frozen to death by an endoplasm

Illustrated notes

Levels and vault maps discovered:
D:1:      evilmike_arrival_rings, layout_basic, minmay_cupped

Action                   || total
-------------------------++-------
Melee: Short sword       ||    29
Armor: Robe              ||     4
Dodge: Dodged            ||    17

Table legend: (Time is in decaauts)
 A = Elapsed time spent in this place.
 B = Non-inter-level travel time spent in this place.
 C = Inter-level travel time spent in this place.
 D = Time resting spent in this place.
 E = Time spent auto-exploring this place.
 F = Levels seen in this place.
 G = Mean time per level.
                   A        B        C        D        E       F      G
               +--------+--------+--------+--------+--------+-----+--------+
         Total |    200 |    200 |      0 |     29 |    111 |   1 |  200.0 |
       Dungeon |    200 |    200 |      0 |     29 |    111 |   1 |  200.0 |
               +--------+--------+--------+--------+--------+-----+--------+

Top non-repeatable levels by time:
     D:1: 200 daAuts
